PBL
LONDON MAJORS @ WINDY CITY THUNDERBOLTS
09/03/2049
 
TOP OF THE 1ST
London Majors batting - Pitching for Windy City ThunderBolts : RHP Jonathan Whisonant
Pitching: RHP Jonathan Whisonant
Batting: RHB Hanley Hernandez 0-0: Ball
1-0: Called Strike
1-1: Swinging Strike
1-2: Strikes out looking
Batting: RHB King Pinsent 0-0: Called Strike
0-1: Foul Ball, location: 2F
0-2: Ball
1-2: Strikes out swinging
Batting: RHB Tom Bergman 0-0: Ball
1-0: Ball
2-0: Ball
3-0: Called Strike
3-1: Swinging Strike
3-2: Strikes out looking
Top of the 1st over - 0 runs, 0 hits, 0 errors, 0 left on base; London 0 - Windy City 0
BOTTOM OF THE 1ST
Windy City ThunderBolts batting - Pitching for London Majors : LHP Antoine Herndon
Pitching: LHP Antoine Herndon
Batting: RHB Joe Thomas 0-0: Ground out 5-3 (Groundball, 56S, EV 85.0 MPH)
Batting: SHB Dan Strickland 0-0: Foul Ball, location: 2F
0-1: Ball
1-1: Ball
2-1: Ball
3-1: Base on Balls
Batting: RHB Paul Holland 0-0: Ball
1-0: Foul Ball, location: 2F
1-1: Ball
2-1: Foul Ball, location: 2F
2-2: Fly out, F8 (Flyball, 8LD, EV 87.5 MPH)
Batting: RHB Eddie Dimas 0-0: Ball
Wild Pitch!
Dan Strickland to second
1-0: Foul Ball, location: 2F
1-1: Ball
2-1: Swinging Strike
2-2: Strikes out swinging
Bottom of the 1st over - 0 runs, 0 hits, 0 errors, 1 left on base; London 0 - Windy City 0
TOP OF THE 2ND
London Majors batting - Pitching for Windy City ThunderBolts : RHP Jonathan Whisonant
Batting: RHB Adler Cananis 0-0: Ball
1-0: Called Strike
1-1: DOUBLE (Line Drive, 9D, EV 92.5 MPH)
Batting: SHB Miguel Sano Jr. 0-0: Called Strike
0-1: Ball
1-1: Ball
2-1: Called Strike
2-2: Strikes out swinging
Batting: LHB Danny Hamilton 0-0: Called Strike
0-1: Called Strike
0-2: Ball
1-2: Strikes out swinging
Batting: LHB Salvador Ramos 0-0: SINGLE (Flyball, 89M, EV 91.2 MPH)
Adler Cananis to third
Throwing error, E9
Adler Cananis scores
Salvador Ramos to second
Batting: LHB Seth Garrigan 0-0: Ground out 1-3 (Groundball, 34S, EV 65.0 MPH)
Top of the 2nd over - 1 run, 2 hits, 1 error, 1 left on base; London 1 - Windy City 0
BOTTOM OF THE 2ND
Windy City ThunderBolts batting - Pitching for London Majors : LHP Antoine Herndon
Batting: RHB Donovan Deason 0-0: Ball
1-0: Called Strike
1-1: Ball
2-1: Called Strike
2-2: Ball
3-2: Foul Ball, location: 2F
3-2: Ground out 2-3 (Groundball, 13S, EV 72.5 MPH)
Batting: RHB Klaus Brown 0-0: Called Strike
0-1: Ball
1-1: Called Strike
1-2: Strikes out looking
Batting: RHB Camillo Bonauiti 0-0: Called Strike
0-1: Ball
1-1: Ball
2-1: Fly out, F8 (Flyball, 8RD, EV 93.1 MPH)
Bottom of the 2nd over - 0 runs, 0 hits, 0 errors, 0 left on base; London 1 - Windy City 0
TOP OF THE 3RD
London Majors batting - Pitching for Windy City ThunderBolts : RHP Jonathan Whisonant
Batting: RHB Jerry Perez 0-0: Called Strike
0-1: Called Strike
0-2: Foul Ball, location: 2F
0-2: Fly out, F7 (Flyball, 7S, EV 94.4 MPH)
Batting: RHB Hanley Hernandez 0-0: Ground out 4-3 (Groundball, 4, EV 88.8 MPH)
Batting: RHB King Pinsent 0-0: Ball
1-0: Ground out 6-3 (Groundball, 6D, EV 105.6 MPH)
Top of the 3rd over - 0 runs, 0 hits, 0 errors, 0 left on base; London 1 - Windy City 0
BOTTOM OF THE 3RD
Windy City ThunderBolts batting - Pitching for London Majors : LHP Antoine Herndon
Batting: RHB Nhat Phong 0-0: Ball
1-0: Called Strike
1-1: Foul Ball, location: 2F
1-2: Ground out 6-3 (Groundball, 6, EV 85.6 MPH)
Batting: RHB Sim Damit 0-0: Ball
1-0: Called Strike
1-1: Foul Ball, location: 2F
1-2: Strikes out swinging
Batting: RHB Joe Thomas 0-0: Ball
1-0: Ball
2-0: Foul Ball, location: 2F
2-1: SINGLE (Line Drive, 9S, EV 106.2 MPH)
Batting: SHB Dan Strickland 0-0: Ball
Wild Pitch!
Joe Thomas to second
1-0: Swinging Strike
1-1: Foul Ball, location: 2F
1-2: Ball
2-2: Ball
3-2: Foul Ball, location: 2F
3-2: Ground out 4-3 (Groundball, 4D, EV 106.2 MPH)
Bottom of the 3rd over - 0 runs, 1 hit, 0 errors, 1 left on base; London 1 - Windy City 0
TOP OF THE 4TH
London Majors batting - Pitching for Windy City ThunderBolts : RHP Jonathan Whisonant
Batting: RHB Tom Bergman 0-0: Called Strike
0-1: Ball
1-1: Swinging Strike
1-2: Ball
2-2: Strikes out swinging
Batting: RHB Adler Cananis 0-0: Called Strike
0-1: Foul Ball, location: 2F
0-2: Foul Ball, location: 2F
0-2: Ball
1-2: Foul Ball, location: 2F
1-2: Foul Ball, location: 2F
1-2: Ball
2-2: Foul Ball, location: 2F
2-2: Ball
3-2: DOUBLE (Line Drive, 9LD, EV 110.0 MPH)
Batting: SHB Miguel Sano Jr. 0-0: Ball
1-0: SINGLE (Flyball, 9LS, EV 86.9 MPH)
Adler Cananis to third
Runner from 3rd tries for Home, SAFE, throw by RF to home
Batting: LHB Danny Hamilton 0-0: Ball
1-0: Called Strike
1-1: Ground out U3 (Groundball, 3S, EV 67.5 MPH)
Miguel Sano Jr. to second
Batting: LHB Salvador Ramos 0-0: Ball
1-0: Ball
2-0: Ball
3-0: Base on Balls
Batting: LHB Seth Garrigan 0-0: Ball
1-0: TRIPLE (Line Drive, 8RXD, EV 103.8 MPH)
Miguel Sano Jr. scores
Salvador Ramos scores
Batting: RHB Jerry Perez 0-0: Ball
1-0: Fly out, F7 (Flyball, 7, EV 91.2 MPH)
Top of the 4th over - 3 runs, 3 hits, 0 errors, 1 left on base; London 4 - Windy City 0
BOTTOM OF THE 4TH
Windy City ThunderBolts batting - Pitching for London Majors : LHP Antoine Herndon
Batting: RHB Paul Holland 0-0: Foul Ball, location: 2F
0-1: Fly out, F7 (Flyball, 78M, EV 84.4 MPH)
Batting: RHB Eddie Dimas 0-0: Ball
1-0: Ball
2-0: Ball
3-0: Called Strike
3-1: Fly out, F8 (Flyball, 8RXD, EV 93.1 MPH)
Batting: RHB Donovan Deason 0-0: Fly out, F9 (Flyball, 89S, EV 86.9 MPH)
Bottom of the 4th over - 0 runs, 0 hits, 0 errors, 0 left on base; London 4 - Windy City 0
TOP OF THE 5TH
London Majors batting - Pitching for Windy City ThunderBolts : RHP Jonathan Whisonant
Batting: RHB Hanley Hernandez 0-0: DOUBLE (Flyball, 78D, EV 95.6 MPH)
Batting: RHB King Pinsent 0-0: Ball
1-0: Foul Ball, location: 2F
1-1: Foul Ball, location: 2F
1-2: Strikes out swinging
Batting: RHB Tom Bergman 0-0: Ball
1-0: Ball
2-0: Ball
3-0: Called Strike
3-1: Foul Ball, location: 2F
3-2: Foul Ball, location: 2F
3-2: Foul Ball, location: 2F
3-2: Strikes out looking
Batting: RHB Adler Cananis 0-0: Called Strike
0-1: Fly out, F9 (Flyball, 9LSF, EV 86.9 MPH)
Top of the 5th over - 0 runs, 1 hit, 0 errors, 1 left on base; London 4 - Windy City 0
BOTTOM OF THE 5TH
Windy City ThunderBolts batting - Pitching for London Majors : LHP Antoine Herndon
Batting: RHB Klaus Brown 0-0: Called Strike
0-1: Called Strike
0-2: Ball
1-2: Ball
2-2: Foul Ball, location: 2F
2-2: Ball
3-2: Foul Ball, location: 2F
3-2: Fly out, F8 (Line Drive, 8LD, EV 100.0 MPH)
Batting: RHB Camillo Bonauiti 0-0: Foul Ball, location: 2F
0-1: Foul Ball, location: 2F
0-2: Foul Ball, location: 2F
0-2: Foul Ball, location: 2F
0-2: Ball
1-2: Strikes out swinging
Batting: RHB Nhat Phong 0-0: Ball
1-0: Called Strike
1-1: Foul Ball, location: 2F
1-2: Strikes out swinging
Bottom of the 5th over - 0 runs, 0 hits, 0 errors, 0 left on base; London 4 - Windy City 0
TOP OF THE 6TH
London Majors batting - Pitching for Windy City ThunderBolts : RHP Jonathan Whisonant
Batting: SHB Miguel Sano Jr. 0-0: Ball
1-0: Ball
2-0: Swinging Strike
2-1: Swinging Strike
2-2: Strikes out swinging
Batting: LHB Danny Hamilton 0-0: Swinging Strike
0-1: Called Strike
0-2: Ball
1-2: Ball
2-2: Ball
3-2: Base on Balls
Batting: LHB Salvador Ramos 0-0: Swinging Strike
0-1: Ball
1-1: Ball
2-1: Foul Ball, location: 2F
2-2: Foul Ball, location: 2F
2-2: Strikes out looking
Batting: LHB Seth Garrigan 0-0: Swinging Strike
0-1: Foul Ball, location: 2F
0-2: Ball
1-2: Ball
2-2: Strikes out swinging
Top of the 6th over - 0 runs, 0 hits, 0 errors, 1 left on base; London 4 - Windy City 0
BOTTOM OF THE 6TH
Windy City ThunderBolts batting - Pitching for London Majors : LHP Antoine Herndon
Batting: RHB Sim Damit 0-0: SINGLE (Groundball, 56, EV 105.6 MPH) (infield hit)
Batting: RHB Joe Thomas 0-0: Ball
1-0: Ball
2-0: Foul Ball, location: 2F
2-1: DOUBLE (Line Drive, 7LM, EV 109.4 MPH)
Sim Damit to third
Runner from 3rd tries for Home, SAFE, throw by LF to home
Pitching: LHP Neil McKibben
Batting: SHB Dan Strickland 0-0: Foul Ball, location: 2F
0-1: Ball
1-1: Ball
2-1: Ball
3-1: Swinging Strike
3-2: Foul Ball, location: 2F
3-2: Ground out 6-3 (Groundball, 6, EV 98.8 MPH)
Batting: RHB Paul Holland 0-0: Ball
Joe Thomas steals 3rd, throwing error, E2
Joe Thomas scores
1-0: Called Strike
1-1: Swinging Strike
1-2: Strikes out swinging
Batting: RHB Eddie Dimas 0-0: Ball
1-0: Called Strike
1-1: Ball
2-1: Foul Ball, location: 2F
2-2: SINGLE (Groundball, 56D, EV 103.8 MPH)
Batting: RHB Donovan Deason 0-0: Ground out 4-3 (Groundball, 4, EV 82.5 MPH)
Bottom of the 6th over - 2 runs, 3 hits, 1 error, 1 left on base; London 4 - Windy City 2
TOP OF THE 7TH
London Majors batting - Pitching for Windy City ThunderBolts : RHP Jonathan Whisonant
Pitching: RHP Jesse Kuhlman
Batting: RHB Jerry Perez 0-0: Ball
1-0: Swinging Strike
1-1: Ball
2-1: Foul Ball, location: 2F
2-2: Ball
3-2: Foul Ball, location: 2F
3-2: Fly out, F8 (Line Drive, 8LM, EV 101.2 MPH)
Batting: RHB Hanley Hernandez 0-0: Called Strike
0-1: Ball
1-1: Foul Ball, location: 2F
1-2: Strikes out swinging
Batting: RHB King Pinsent 0-0: Foul Ball, location: 2F
0-1: SINGLE (Groundball, 56, EV 99.4 MPH)
Batting: RHB Tom Bergman 0-0: Ball
1-0: Ball
2-0: Ball
3-0: Called Strike
3-1: Base on Balls
King Pinsent to second
Batting: RHB Adler Cananis 0-0: Ball
1-0: Called Strike
1-1: Foul Ball, location: 2F
1-2: Ball
2-2: Ball
3-2: SINGLE (Line Drive, 6MD, EV 98.1 MPH)
King Pinsent to third
Tom Bergman to second
King Pinsent scores
Tom Bergman to third
Batting: SHB Miguel Sano Jr. 0-0: Swinging Strike
0-1: Ball
1-1: Called Strike
1-2: Foul Ball, location: 2F
1-2: Ground out 4-3 (Groundball, 4, EV 108.1 MPH)
Top of the 7th over - 1 run, 2 hits, 0 errors, 2 left on base; London 5 - Windy City 2
BOTTOM OF THE 7TH
Windy City ThunderBolts batting - Pitching for London Majors : LHP Neil McKibben
Batting: RHB Klaus Brown 0-0: Called Strike
0-1: Called Strike
0-2: Strikes out looking
Batting: RHB Camillo Bonauiti 0-0: Called Strike
0-1: Foul Ball, location: 2F
0-2: Ball
1-2: Ground out 4-3 (Groundball, 4, EV 110.6 MPH)
Batting: RHB Nhat Phong 0-0: Ball
1-0: Ball
2-0: Called Strike
2-1: SOLO HOME RUN (Flyball, 78XD, EV 112.5 MPH), Distance : 418 ft
Pitching: RHP Justin Rubino
Batting: RHB Sim Damit 0-0: Foul Ball, location: 2F
0-1: Ground out 4-3 (Groundball, 4M, EV 100.6 MPH)
Bottom of the 7th over - 1 run, 1 hit, 0 errors, 0 left on base; London 5 - Windy City 3
TOP OF THE 8TH
London Majors batting - Pitching for Windy City ThunderBolts : RHP Jesse Kuhlman
Pitching: LHP Sincere Powell
Batting: LHB Danny Hamilton 0-0: Called Strike
0-1: Ball
1-1: SINGLE (Line Drive, 9S, EV 111.2 MPH)
Batting: LHB Salvador Ramos 0-0: Bunted foul
0-1: Sac Bunt to 3S - play at first, batter OUT! 3-4
Danny Hamilton to second
Batting: LHB Seth Garrigan 0-0: Intentional Walk
Pitching: RHP Ted Hurley
Batting: RHB Jerry Perez 0-0: Called Strike
0-1: Ball
Wild Pitch!
Danny Hamilton to third
Seth Garrigan to second
1-1: Ground out 6-3 (Groundball, 6, EV 96.2 MPH)
Batting: RHB Hanley Hernandez 0-0: Ball
1-0: Called Strike
1-1: Swinging Strike
1-2: Foul Ball, location: 2F
1-2: Strikes out looking
Top of the 8th over - 0 runs, 1 hit, 0 errors, 2 left on base; London 5 - Windy City 3
BOTTOM OF THE 8TH
Windy City ThunderBolts batting - Pitching for London Majors : RHP Justin Rubino
Batting: RHB Joe Thomas 0-0: Called Strike
0-1: Swinging Strike
0-2: Strikes out swinging
Batting: SHB Dan Strickland 0-0: Ground out U3 (Groundball, 34, EV 82.5 MPH)
Batting: RHB Paul Holland 0-0: Foul Ball, location: 2F
0-1: Ball
1-1: Ball
2-1: Swinging Strike
2-2: Foul Ball, location: 2F
2-2: DOUBLE (Flyball, 78D, EV 111.9 MPH)
Batting: RHB Eddie Dimas 0-0: Called Strike
0-1: Fly out, F3 (Line Drive, 3L, EV 72.5 MPH)
Bottom of the 8th over - 0 runs, 1 hit, 0 errors, 1 left on base; London 5 - Windy City 3
TOP OF THE 9TH
London Majors batting - Pitching for Windy City ThunderBolts : RHP Ted Hurley
Batting: RHB King Pinsent 0-0: Called Strike
0-1: Ball
1-1: Swinging Strike
1-2: Strikes out swinging
Batting: RHB Tom Bergman 0-0: Called Strike
0-1: Ball
1-1: Ball
2-1: Ball
3-1: Fly out, F7 (Flyball, 7, EV 96.9 MPH)
Batting: RHB Adler Cananis 0-0: Called Strike
0-1: Called Strike
0-2: Ball
1-2: Ball
2-2: Foul Ball, location: 2F
2-2: Foul Ball, location: 2F
2-2: Strikes out looking
Top of the 9th over - 0 runs, 0 hits, 0 errors, 0 left on base; London 5 - Windy City 3
BOTTOM OF THE 9TH
Windy City ThunderBolts batting - Pitching for London Majors : RHP Justin Rubino
Pitching: RHP Josh Nelson
Batting: RHB Donovan Deason 0-0: Fly out, F7 (Flyball, 78S, EV 83.8 MPH)
Batting: RHB Klaus Brown 0-0: Ball
1-0: Called Strike
1-1: Ball
2-1: Foul Ball, location: 2F
2-2: Ball
3-2: Ground out 5-3 (Groundball, 56, EV 89.4 MPH)
Batting: RHB Camillo Bonauiti 0-0: SINGLE (Groundball, 4MD, EV 98.1 MPH)
Batting: RHB Nhat Phong 0-0: Ball
1-0: Ball
2-0: Foul Ball, location: 2F
2-1: Ball
3-1: Base on Balls
Camillo Bonauiti to second
Batting: RHB Sim Damit 0-0: SINGLE (Groundball, 4D, EV 97.5 MPH)
Camillo Bonauiti to third
Nhat Phong to second
Batting: RHB Joe Thomas 0-0: Called Strike
0-1: Swinging Strike
0-2: Ball
1-2: Foul Ball, location: 2F
1-2: Ball
2-2: Foul Ball, location: 2F
2-2: Foul Ball, location: 2F
2-2: Ball
3-2: Strikes out swinging
Bottom of the 9th over - 0 runs, 2 hits, 0 errors, 3 left on base; London 5 - Windy City 3
Sunday, July 16th , 2023 - OOTP Baseball 24.6 Build 69